AoeStats
← Xz

Black Forest

510138024Analyzed
4v4 RM · 3d ago on Sep 29, 2026· 16m 37s· 8 players
Game mode
Random Map
Map size
Large (8 player)
Population
200
Speed
Normal
Resources
Standard
Victory
Conquest
Starting age
Dark Age
Ending age
Imperial Age
RankedLock teamsTeams togetherTeam positionsShared explorationLock speedFull tech treeHidden civsTurbo modeCheats
Victory
Defeat
🇹🇷 Bohemians · Türkiye
849
+13
🇨🇳 Chinese · China
824
+14
🇭🇰 Ethiopians · Hong Kong SAR China
819
+15
🇮🇩 Vikings · Indonesia
733
+18
🇨🇴 Romans · Colombia
838
-17
🇵🇪 Celts · Peru
802
-16
🇬🇧 Persians · United Kingdom
771
-14
🇸🇪 Inca · Sweden
745
-13
DARKDOOM
12:56 Feudal Age
11:13 Loom
17:48 Castle Age
15:39 Horse Collar
16:06 Double-Bit Axe
MiguelAngel
0:38 Loom
joham694
0:28 Loom
12:32 Feudal Age
13:56 Wheelbarrow
13:09 Double-Bit Axe
13:06 Horse Collar
15:03 Gold Mining
15:05 Stone Mining
Tennessee Boomer
1:43 Loom
12:08 Feudal Age
15:50 Castle Age
13:57 Double-Bit Axe
14:58 Horse Collar
15:05 Horse Collar
16:03 Wheelbarrow
PycHOPTER
0:29 Loom
14:19 Feudal Age
K.KasslanischerOrden
0:45 Loom
13:45 Feudal Age
13:59 Man-at-Arms
15:05 Arson
16:44 Double-Bit Axe
Xz
0:39 Loom
12:07 Feudal Age
On2toy
2:17 Loom
16:06 Feudal Age
Connection lost

Rejoining the realm…

Still unreachable

The connection could not be restored.

Session expired

The server has moved on; the page needs a fresh start.